 Dungeon Crawl Stone Soup version 0.22.1-1-ga44c0e5 (webtiles) character file.

1890 krest the Cleaver (level 8, -15/71 HPs)
             Began as a Minotaur Fighter on Sept 20, 2018.
             Was an Initiate of the Shining One.
             Demolished by a manticore (20 damage)
             ... on level 6 of the Dungeon.
             The game lasted 00:15:25 (5370 turns).

krest the Cleaver (Minotaur Fighter)                Turns: 5370, Time: 00:15:25

Health: -15/71     AC: 13    Str: 22    XL:     8   Next: 92%
Magic:  7/7        EV:  8    Int:  5    God:    the Shining One [......]
Gold:   336        SH:  0    Dex: 11    Spells: 7/7 levels left

rFire    . . .     SeeInvis +   z - +0 battleaxe
rCold    . . .     Gourm    .   (shield currently unavailable)
rNeg     . . .     Faith    .   m - +0 chain mail
rPois    .         Spirit   .   (helmet restricted)
rElec    .         Reflect  .   (no cloak)
rCorr    .         Harm     .   l - +0 pair of gloves
MR       .....                  (no boots)
Stlth    ..........             (no amulet)
HPRegen  0.21/turn              t - +2 ring of protection
MPRegen  0.10/turn              H - ring of see invisible

@: glowing
A: retaliatory headbutt, horns 2
a: Renounce Religion


You were on level 6 of the Dungeon.
You worshipped the Shining One.
The Shining One was noncommittal.
You were not hungry.

You visited 1 branch of the dungeon, and saw 6 of its levels.

You collected 336 gold pieces.

Inventory:

Hand Weapons
 a - a +0 war axe
 z - a +0 battleaxe (weapon)
 B - a +0 dagger
Armour
 c - a +0 shield
 l - a +0 pair of gloves (worn)
 m - a +0 chain mail (worn)
Jewellery
 i - an uncursed ring of fire
 t - a +2 ring of protection (left hand)
 F - an uncursed ring of ice
 H - a ring of see invisible (right hand)
Wands
 w - a wand of scattershot (8)
 y - a wand of random effects (30)
 A - a wand of flame (33)
 C - a wand of digging (16)
 E - a wand of iceblast (17)
Scrolls
 b - 2 scrolls of enchant armour {unknown}
 g - 2 scrolls of amnesia {unknown}
 j - 2 scrolls of teleportation {unknown}
 n - 3 scrolls of remove curse {unknown}
 q - 4 scrolls of magic mapping {unknown}
 r - 4 scrolls of identify {unknown}
 s - 4 scrolls of fear {unknown}
 v - a scroll of blinking {unknown}
 D - a scroll of random uselessness {unknown}
Potions
 d - a potion of might
 e - 2 potions of curing {unknown}
 h - 3 potions of agility {unknown}
 k - a potion of brilliance {unknown}
 o - 2 potions of heal wounds {unknown}
 p - 2 potions of degeneration {unknown}
 u - a potion of berserk rage {unknown}
 x - a potion of ambrosia {unknown}
 G - a potion of resistance {unknown}
 I - a potion of cancellation {unknown}
 J - a potion of flight {unknown}
Comestibles
 f - 13 rations
 K - a chunk of flesh


   Skills:
 + Level 6.6 Fighting
 + Level 10.1 Axes
 + Level 7.0 Armour
 - Level 0.2 Dodging
 + Level 6.3 Shields


You had 7 spell levels left.
You didn't know any spells.
Your spell library contained the following spells:

 Spells                   Type           Power        Failure   Level  Hunger
 Animate Skeleton         Necr           N/A          98%         1    ##.....
 Pain                     Necr           #...         98%         1    ##.....
 Regeneration             Chrm/Necr      #.........   100%        3    ####...
 Vampiric Draining        Necr           #.........   100%        3    ####...
 Animate Dead             Necr           N/A          100%        4    #####..


Dungeon Overview and Level Annotations

Branches:
Dungeon (6/15)
 Temple: D:4-7

Altars:
Fedhas
Nemelex Xobeh
Vehumet
Xom
The Shining One


Innate Abilities, Weirdness & Mutations

You reflexively headbutt those who attack you in melee.
You have a pair of horns on your head.


Message History

The manticore bites you! The manticore barely misses you.
The manticore claws you. The howler monkey hits you.
You barely miss the manticore. You closely miss the howler monkey.
You carefully extract the barbed spikes from your body.
The howler monkey barely misses you. The manticore closely misses you.
You furiously retaliate!
You headbutt the manticore, but do no damage.
The manticore barely misses you.
The manticore claws you but does no damage.
The howler monkey completely misses you.
Your chain mail prevents you from hitting the manticore.
You hit the howler monkey but do no damage.
The manticore bites you!
* * * LOW HITPOINT WARNING * * *
The manticore claws you but does no damage.
The manticore claws you.
* * * LOW HITPOINT WARNING * * *
The howler monkey hits you but does no damage.
The manticore bites you!!
You die...

#######..# #..#▓⌠...⌠▓ #.##..# #.
...####..# ...#▓▓▓▓▓▓▓##.###.###.
.........# ..##§.....##.# #..##.
.#.####.###...##©_....'.+####.##.
.#.# #.....# #§.....#..........
.#.# #..##.# ▓▓▓▓▓▓▓#...###.##.
.#.# #..# ▓⌠...⌠▓#...+...... .#.#
#..# ▓Hh...▓#...####.#. ##.# #..#
▓@...©▓#...# #.#. ##.# #..#
▓.....▓##### #..[ ...# #..#
▓⌠...⌠▓ ##.. #### #..# ▓▓▓▓▓▓▓
#... #..# #... #... #.#. #.#.
#.#. ####.##


You could see a manticore and a howler monkey.

Vanquished Creatures
  Grinder (D:3)
  Eustachio (D:4)
  3 phantoms (D:4)
  An ice beast (D:6)
  A sky beast (D:5)
  An ogre (D:4)
  2 centaurs
  Blork the orc (D:4)
  3 bullfrogs
  A scorpion (D:4)
  2 crimson imps (D:6)
  2 orc priests (D:3)
  A jelly (D:6)
  2 orc wizards
  A centaur skeleton (D:5)
  2 iguanas (D:6)
  A worker ant (D:3)
  A hound skeleton (D:5)
  Robin (D:3)
  4 gnolls (D:2)
  7 adders
  2 shadow imps
  2 oozes (D:3)
  An adder skeleton (D:4)
  4 worms
  2 dart slugs (D:1)
  4 leopard geckos
  14 orcs
  3 ball pythons
  2 giant cockroaches (D:1)
  15 goblins
  7 hobgoblins
  3 jackals (D:3)
  9 kobolds
  A quokka (D:3)
  13 bats
  5 frilled lizards
  11 rats
137 creatures vanquished.

Notes
Turn   | Place    | Note
-------+----------+-------------------------------------------
     0 | D:1      | krest the Minotaur Fighter began the quest for the Orb.
     0 | D:1      | Reached XP level 1. HP: 19/19 MP: 0/0
   289 | D:1      | Reached XP level 2. HP: 25/27 MP: 1/1
   573 | D:1      | Reached skill level 3 in Axes
   654 | D:1      | Reached XP level 3. HP: 29/33 MP: 2/2
  1220 | D:2      | Reached XP level 4. HP: 38/40 MP: 3/3
  1269 | D:2      | Found a faded altar of an unknown god.
  1709 | D:2      | Reached skill level 4 in Axes
  1948 | D:3      | Reached XP level 5. HP: 47/47 MP: 4/4
  1967 | D:3      | Found a shimmering altar of Xom.
  2537 | D:3      | Noticed Robin
  2542 | D:3      | Killed Robin
  2554 | D:3      | Reached skill level 5 in Axes
  2563 | D:3      | Noticed Grinder
  2581 | D:3      | Killed Grinder
  2581 | D:3      | Reached skill level 6 in Axes
  2581 | D:3      | Reached skill level 5 in Shields
  2581 | D:3      | Reached XP level 6. HP: 27/55 MP: 5/5
  3096 | D:3      | Reached skill level 5 in Fighting
  3096 | D:3      | Reached XP level 7. HP: 49/61 MP: 6/6
  3168 | D:4      | Reached skill level 5 in Armour
  3198 | D:4      | Reached skill level 7 in Axes
  3396 | D:4      | Noticed Blork the orc
  3411 | D:4      | Killed Blork the orc
  3446 | D:4      | Found a radiant altar of Vehumet.
  3503 | D:4      | Noticed Eustachio
  3522 | D:4      | Killed Eustachio
  3522 | D:4      | Reached skill level 8 in Axes
  3522 | D:4      | Reached XP level 8. HP: 60/70 MP: 7/7
  4070 | D:5      | Entered Level 5 of the Dungeon
  4301 | D:5      | Reached skill level 9 in Axes
  4556 | D:5      | Found a blossoming altar of Fedhas.
  4794 | D:6      | Found a glowing golden altar of the Shining One.
  4797 | D:6      | Became a worshipper of the Shining One
  5326 | D:6      | Reached skill level 10 in Axes
  5356 | D:6      | Found a sparkling altar of Nemelex Xobeh.
  5356 | D:6      | Found a transporter.
  5356 | D:6      | Noticed a manticore
  5370 | D:6      | Demolished by a manticore

Skill      XL: |  1  2  3  4  5  6  7  8 |
---------------+-------------------------+-----
Fighting       | 4 5 6 |  6.6
Armour         | 4 5 7 |  7.0
Axes           | 3 4 6 8 10 | 10.1
Shields        | 4 5 6 |  6.3
Dodging        | |  0.2

Action                   |  1- 3 |  4- 6 |  7- 9 || total
-------------------------+-------+-------+-------++-------
Melee: War axe           |    82 |   180 |    31 ||   293
       Headbutt          |    10 |    24 |    31 ||    65
       Battleaxe         |       |       |   113 ||   113
  Use: Potion            |       |       |     1 ||     1
  Eat: Chunk             |     1 |     6 |     4 ||    11
       Ration            |       |       |     1 ||     1
Armor: Scale mail        |    43 |       |       ||    43
       Chain mail        |     1 |   111 |   121 ||   233
Dodge: Dodged            |    33 |    47 |    81 ||   161
Block: Shield            |    61 |   114 |    11 ||   186
